 Dungeon Crawl Stone Soup version 0.23-a0-712-g3a644c0 (webtiles) character file.

15892 Lanoc the Basher (level 12, -15/121 (122) HPs)
             Began as a Troll Berserker on Jan 15, 2019.
             Was a High Priest of Trog.
             Demolished by a shadow (27 damage)
             ... on level 12 of the Dungeon.
             The game lasted 00:28:32 (10573 turns).

Lanoc the Basher (Troll Berserker)                 Turns: 10573, Time: 00:28:34

HP:   -15/121 (122) AC: 10    Str: 32    XL:     12   Next: 5%
MP:   3/3           EV: 14    Int:  3    God:    Trog [*****.]
Gold: 809           SH:  0    Dex: 13    Spells: 11/11 levels left

rFire    . . .     SeeInvis .   E - +4 great mace (antimagic)
rCold    . . .     Gourm    +   (shield currently unavailable)
rNeg     + . .     Faith    .   H - +0 steam dragon scales
rPois    +         Spirit   .   (helmet restricted)
rElec    .         Reflect  .   u - +0 cloak {rPois}
rCorr    .         Harm     .   (gloves unavailable)
MR       ++...                  (boots unavailable)
Stlth    +.........             G - amulet of regeneration
HPRegen  2.10/turn              v - +4 ring of dexterity
MPRegen  0.08/turn              j - ring of positive energy

@: lethally poisoned (-15 -> -15), about to teleport, berserk cooldown,
regenerating, slowed, very slow
A: large, unfitting armour, claws 3, fast metabolism 3, gourmand, regeneration
1, shaggy fur 1, tough skin 2
a: Berserk, Trog's Hand, Brothers in Arms, Renounce Religion


You were on level 12 of the Dungeon.
You worshipped Trog.
Trog was extremely pleased with you.
You were very full.

You visited 2 branches of the dungeon, and saw 13 of its levels.
You also visited: Bailey and Ice Cave.

You collected 905 gold pieces.
You spent 96 gold pieces at shops.

Inventory:

Hand Weapons
 E - a +4 antimagic great mace (weapon)
Missiles
 m - 6 large rocks (quivered)
Armour
 u - a +0 cloak of poison resistance (worn)
 D - a +2 large shield of fire resistance
 H - +0 steam dragon scales (worn)
Jewellery
 j - a ring of positive energy (right claw)
 k - an uncursed ring of protection from fire
 v - a +4 ring of dexterity (left claw)
 G - an amulet of regeneration (around neck)
 J - an uncursed ring of flight
Wands
 a - a wand of polymorph (16)
 b - a wand of paralysis (6)
 q - a wand of digging (6)
 w - a wand of random effects (8)
 C - a wand of flame (40)
Scrolls
 d - 4 scrolls of enchant weapon
 h - 14 scrolls of remove curse
 i - 2 scrolls of fear
 l - 3 scrolls of enchant armour
 s - 4 scrolls of teleportation
 y - a scroll of fog
 A - 3 scrolls of identify
 I - a scroll of random uselessness {unknown}
Potions
 e - 3 potions of agility
 f - a potion of magic
 g - 6 potions of flight
 n - 4 potions of heal wounds
 o - a potion of ambrosia
 p - 3 potions of haste
 r - 2 potions of brilliance
 t - 3 potions of cancellation
 z - 4 potions of curing
 B - 3 potions of mutation
Comestibles
 c - 25 rations
 x - 6 chunks of flesh


   Skills:
 + Level 8.5 Fighting
 * Level 12.4 Maces & Flails
 + Level 4.3 Armour
 + Level 8.5 Dodging


You had 11 spell levels left.
You didn't know any spells.
Your spell library was empty.

Dungeon Overview and Level Annotations

Branches:
Dungeon (12/15)            Temple (0/1) D:7            Lair (1/6) D:8
    Orc (0/2) D:9

Altars:
Nemelex Xobeh
Zin

Shops:
D:4 *   D:5 }   D:6 (   D:8 (

Annotations:
D:10 exclusion: ice statue


Innate Abilities, Weirdness & Mutations

You are too large for most types of armour.
You have claws for hands.
Your metabolism is lightning-fast.
You like to eat raw meat.
Your natural rate of healing is unusually fast.
You are covered in fur. (AC +1)
You have very tough skin. (AC +2)


Message History

* * * LOW HITPOINT WARNING * * *
The centaur warrior hits you!
* * * LOW HITPOINT WARNING * * *
The ogre mage casts a spell.
The ogre mage blinks!
The hornet stings you.
* * * LOW HITPOINT WARNING * * *
You are poisoned.
The centaur warrior hits you but does no damage.
The shadow slips into darkness.
The shadow flickers and vanishes!
Deactivating autopickup; reactivate with Ctrl-A.
You can move again.
Unknown command.
As you read the scroll of teleportation, it crumbles to dust.
You feel strangely unstable.
You feel the effects of Trog's Hand fading.
You feel sick. The centaur warrior misses you. The hornet barely misses you.
The kobold demonologist miscasts a cantrip.
The shadow strikes at you from the darkness!
You die...

**,,,,,,,,** *,,,,,,,,,,,,,,,
***,,,******* *#,,,,,,,,,,,,***
,,,,,** ####.,****.****,,* ,,,,,*
#....,*,,?.,,,*,,* ,*,,,** ##*
*.(.#,#,.O.,,,*,**
*,*,,,####.#**#..#T#5...,,,*,*
,,,,,,......* #..#3KH5,8,,,,,** *
*,,,,,......###.c{K#,5,,,,,*,,***
*,,**,.......#.#@#.#,,,,,,,*,,,**
*,,**,..........#yS#,,,,,,,*,,,**
,,,,,,,*#........c.####.##**,*,*
,,,,,***##.......c........,,,*,#*
*,,,** ##.....##...###..##***,.#*
,,,,,**#.......#.........####..,,
,,,,,,........................,,,
,***,,........?............#***,,
,,,,,,.....................# **,


You could see 3 centaur warriors, an ogre mage, a sun demon, a hippogriff, 2
kobold demonologists, a troll, a hornet, a crimson imp, an adder and a shadow
imp.

Vanquished Creatures
  A reaper (IceCv)
  A centaur warrior (D:10)
  A two-headed ogre (D:11)
  2 ugly things (D:12)
  2 ice statues (IceCv)
  8 ice devils (IceCv)
  A meliai (D:12)
  A troll (D:9)
  4 hippogriffs
  A wraith (D:10)
  A wyvern (D:8)
  4 hogs (D:7)
  11 yaks
  2 hungry ghosts
  A human (D:7)
  A steam dragon (D:7)
  A soldier ant (D:12)
  A sky beast (D:11)
  7 ice beasts
  10 orc warriors
  2 eyes of draining
  A hornet zombie (D:8)
  8 ogres
  A phantom (D:4)
  2 black bears
  2 necrophages (D:8)
  A centaur (D:10)
  2 big kobolds
  A bullfrog (D:10)
  2 water moccasin zombies
  5 scorpions
  A water moccasin skeleton (D:9)
  7 killer bees
  8 wights
  3 howler monkeys
  2 centaur zombies
  6 crimson imps
  Crazy Yiuf (D:3)
  7 hounds
  2 quasits
  An orc priest (D:10)
  3 bullfrog skeletons
  4 centaur skeletons
  3 jellies
  6 orc wizards
  Natasha (twice) (D:3)
  Ijyb (D:3)
  3 iguanas
  11 worker ants
  A killer bee zombie (D:8)
  A hound skeleton (D:4)
  3 worker ant zombies
  10 gnolls
  2 howler monkey skeletons
  14 adders
  A shadow imp (D:4)
  16 white imps
  9 ufetubi (IceCv)
  4 oozes
  5 adder skeletons
  2 adder zombies (D:8)
  3 worms
  5 dart slugs
  8 leopard geckos
  61 orcs
  2 ball pythons
  3 giant cockroaches
  11 goblins
  7 hobgoblins
  15 jackals
  7 quokkas
  4 bats
  11 frilled lizards
  A jackal zombie (D:8)
  17 kobolds
  A leopard gecko skeleton (D:6)
  11 rats
394 creatures vanquished.

Vanquished Creatures (others)
  A white imp (IceCv)
  5 ufetubi (IceCv)
6 creatures vanquished.

Grand Total: 400 creatures vanquished

Notes
Turn   | Place    | Note
-------+----------+-------------------------------------------
     0 | D:1      | Lanoc the Troll Berserker began the quest for the Orb.
     0 | D:1      | Reached XP level 1. HP: 22/22 MP: 0/0
   124 | D:1      | Reached skill level 3 in Maces & Flails
   146 | D:1      | Reached XP level 2. HP: 29/29 MP: 1/1
   466 | D:1      | Reached XP level 3. HP: 36/36 MP: 2/2
   486 | D:1      | Reached ** piety under Trog
   747 | D:2      | Noticed an ogre
   755 | D:2      | Killed an ogre
   755 | D:2      | Reached skill level 4 in Maces & Flails
   755 | D:2      | Reached XP level 4. HP: 8/45 MP: 3/3
   755 | D:2      | Reached XP level 5. HP: 9/53 MP: 4/4
  1187 | D:2      | Noticed a sky beast
  1487 | D:3      | Found a sparkling altar of Nemelex Xobeh.
  1503 | D:3      | Reached XP level 6. HP: 39/61 MP: 5/5
  1602 | D:3      | Reached *** piety under Trog
  1736 | D:3      | Reached skill level 5 in Maces & Flails
  1749 | D:3      | Found a glowing silver altar of Zin.
  1936 | D:3      | Noticed Natasha
  1952 | D:3      | Killed Natasha
  2149 | D:3      | Noticed Natasha
  2155 | D:3      | Killed Natasha
  2189 | D:3      | Found a runed door.
  2193 | D:3      | Noticed Crazy Yiuf
  2193 | D:3      | Noticed Ijyb
  2203 | D:3      | Killed Ijyb
  2205 | D:3      | Killed Crazy Yiuf
  2330 | D:4      | Reached XP level 7. HP: 67/68 MP: 6/6
  2503 | D:4      | Reached **** piety under Trog
  2545 | D:4      | Reached skill level 6 in Maces & Flails
  2700 | D:4      | Got a pitted trident
  2701 | D:4      | Identified the +8 trident "Bulahuh" {drain, *Rage rN+
                  | Str+3} (You found it on level 4 of the Dungeon)
  2949 | D:4      | Found Zets's General Store.
  2952 | D:4      | Bought a scroll of identify for 24 gold pieces
  2952 | D:4      | Bought a scroll of teleportation for 36 gold pieces
  2952 | D:4      | Bought a potion of curing for 36 gold pieces
  3049 | D:4      | Reached XP level 8. HP: 73/79 MP: 7/7
  3210 | D:5      | Entered Level 5 of the Dungeon
  3234 | D:5      | Found Dahate's Gadget Shop.
  3831 | D:6      | Reached skill level 7 in Maces & Flails
  3887 | D:6      | Reached skill level 5 in Fighting
  3887 | D:6      | Reached skill level 5 in Dodging
  4202 | D:6      | Found Utsufa's Weapon Shop.
  4820 | D:7      | Found a staircase to the Ecumenical Temple.
  5099 | D:7      | Reached skill level 8 in Maces & Flails
  5171 | D:7      | Reached XP level 9. HP: 58/88 MP: 8/8
  5189 | D:7      | Reached ***** piety under Trog
  5320 | D:7      | Reached skill level 9 in Maces & Flails
  5807 | D:8      | Found a staircase to the Lair.
  5860 | D:8      | Found Ydwis Deq's Weapon Boutique.
  6010 | D:8      | Reached XP level 10. HP: 88/100 MP: 9/9
  6050 | D:8      | Reached skill level 10 in Maces & Flails
  6857 | Lair:1   | Entered Level 1 of the Lair of Beasts
  6908 | D:9      | Found a staircase to the Orcish Mines.
  6912 | D:9      | Received a gift from Trog
  7194 | D:9      | Reached skill level 1 in Armour
  7681 | D:10     | Entered Level 10 of the Dungeon
  7832 | D:10     | Noticed a centaur warrior
  7837 | D:10     | Reached skill level 11 in Maces & Flails
  7842 | D:10     | Killed a centaur warrior
  7846 | D:10     | Reached XP level 11. HP: 71/108 MP: 3/10
  8493 | D:11     | Found a frozen archway.
  8503 | D:11     | Received a gift from Trog
  8590 | IceCv    | Entered an ice cave
  9161 | IceCv    | Noticed a reaper
  9197 | IceCv    | Killed a reaper
  9332 | IceCv    | Found the +8 demon blade "Bloodbane" {slice, *Rage +Rage
                  | Stlth-}
  9336 | IceCv    | Got a jewelled glaive
  9337 | IceCv    | Identified the +1 glaive "Heaqanoda" {freeze, Fragile +Inv
                  | MR++ SInv} (You found it in an ice cave)
  9464 | D:11     | Noticed a two-headed ogre
  9472 | D:11     | Killed a two-headed ogre
  9474 | D:11     | Reached skill level 12 in Maces & Flails
 10060 | D:12     | Noticed a cyan ugly thing
 10067 | D:12     | Killed a cyan ugly thing
 10115 | D:12     | Found a flagged portal.
 10142 | Bailey   | Entered a bailey
 10241 | Bailey   | Received a gift from Trog
 10246 | Bailey   | Got an ichor-stained longbow {god gift}
 10247 | Bailey   | Identified the +1 longbow of the Sea {velocity, rN+ Int+2}
                  | (Trog gifted it to you in a bailey)
 10550 | D:12     | Noticed a red ugly thing
 10550 | D:12     | Noticed a centaur warrior
 10551 | D:12     | Noticed an ogre mage
 10551 | D:12     | Noticed a centaur warrior
 10552 | D:12     | Noticed a centaur warrior
 10554 | D:12     | Reached XP level 12. HP: 121/121 MP: 3/11
 10570 | D:12     | Paralysed by a hornet for 3 turns
 10573 | D:12     | Demolished by a shadow

Vault maps used:
D:1:      elethiomel_arrival_diamonds, corexii_item_surrounded_by_moat,
          minmay_tromino_v4_a
D:2:      wander_river, corner_web_ring, lightli_corner_chamber
D:3:      old_standard_altar, nemelex_xobeh_ov_fountains_minmay,
          uniq_crazy_yiuf_cottage, uniq_natasha, uniq_ijyb
D:4:      serial_shops, nicolae_shop_behind_doors
D:5:      first_ration, serial_shops, shop
D:6:      serial_shops, shop
D:7:      temple_fountains, grunt_livestock
D:8:      minmay_imperfect_grid, lair_entry_dummy, serial_shops, shop
D:9:      orc_david_3
D:10:     cheibrodos_frozen_isle
D:11:     minmay_klotski, portal_ice_cave_entry_imps, minivault_25
D:12:     enter_bailey_2, minivault_28, uniq_josephine
Lair:1:   serial_bayou_shore_b, minmay_lair_oklob_chamber, grunt_megastairs_5,
          uniq_prince_ribbit2, uniq_urug
Bailey:   bailey_polearm_1, bailey
IceCv:    ice_cave_small_demon

Skill      XL: |  1  2  3  4  5  6  7  8  9 10 11 |
---------------+----------------------------------+-----
Maces & Flails | 3 4 5 6 8 9 11 12 | 12.4
Fighting       | 3 4 5 6 7 8 |  8.5
Dodging        | 3 4 5 6 7 8 |  8.5
Armour         | 2 4 |  4.3

Action                   |  1- 3 |  4- 6 |  7- 9 | 10-12 || total
-------------------------+-------+-------+-------+-------++-------
Melee: Mace              |   127 |   234 |    68 |       ||   429
       Trident           |       |       |   214 |   150 ||   364
       Great mace        |       |       |       |   402 ||   402
Throw: Large rock        |       |       |       |     6 ||     6
Invok: Berserk           |     1 |     5 |     2 |     7 ||    15
       Trog's Hand       |       |       |       |    10 ||    10
  Use: Scroll            |       |       |    13 |     8 ||    21
       Potion            |       |       |       |     1 ||     1
 Stab: Sleeping          |       |     1 |     1 |     4 ||     6
       Distracted        |       |       |       |     2 ||     2
  Eat: Chunk             |    13 |    19 |    39 |    56 ||   127
       Ration            |       |       |       |     1 ||     1
Armor: Animal skin       |    53 |   101 |    47 |       ||   201
       Steam dragon scal |       |       |    29 |   233 ||   262
Dodge: Dodged            |    95 |   133 |   186 |   541 ||   955

Table legend:
 A = Non-vault XP
 B = Vault XP
 C = Vault XP percentage of total XP
 D = Non-vault monster count
 E = Vault monster count
 F = Vault count percentage of total count
                 A         B        C        D         E       F
            +---------+---------+-------+---------+---------+-------
      Total |   13928 |    8775 |  38.7 |     291 |     103 |  26.1
            +---------+---------+-------+---------+---------+-------
        D:1 |      48 |      13 |  21.3 |      23 |      10 |  30.3
        D:2 |     237 |       0 |   0.0 |      28 |       0 |   0.0
        D:3 |     250 |     117 |  31.9 |      35 |       3 |   7.9
        D:4 |     806 |       0 |   0.0 |      37 |       0 |   0.0
        D:5 |     256 |       0 |   0.0 |      14 |       0 |   0.0
        D:6 |     667 |       0 |   0.0 |      15 |       0 |   0.0
        D:7 |    1742 |     965 |  35.6 |      17 |       5 |  22.7
        D:8 |     807 |    1621 |  66.8 |      17 |      21 |  55.3
        D:9 |    1801 |      18 |   1.0 |      39 |       6 |  13.3
       D:10 |    3660 |       0 |   0.0 |      33 |       0 |   0.0
       D:11 |    2827 |     122 |   4.1 |      27 |      12 |  30.8
       D:12 |     827 |     885 |  51.7 |       6 |       2 |  25.0
     Bailey |       0 |    1102 | 100.0 |       0 |      20 | 100.0
      IceCv |       0 |    3932 | 100.0 |       0 |      24 | 100.0
            +---------+---------+-------+---------+---------+-------
